 Dungeon Crawl Stone Soup version 0.30-a0-782-ge64f9170bb (webtiles) character file.

Game seed: 8198354228609073336

649 mopl the Trooper (level 7, -2/106 HPs)
             Began as an Ogre Gladiator on Mar 17, 2023.
             Was a Follower of Okawaru.
             Slain by a shadow imp (3 damage)
             ... on level 5 of the Dungeon.
             The game lasted 00:05:33 (3082 turns).

mopl the Trooper (Ogre Gladiator)                   Turns: 3082, Time: 00:05:33

Health: -2/106     AC: 27    Str: 19    XL:     7   Next: 53%
Magic:  8/8        EV:  1    Int:  9    God:    Okawaru [*.....]
Gold:   135        SH:  0    Dex: 12    Spells: 6/6 levels left

rFire   . . .      SeeInvis .    k - +2 whip (venom)
rCold   + . .      Faith    .    (no shield)
rNeg    . . .      Spirit   .    (body armour currently unavailable)
rPois   +          Reflect  .    (helmet currently unavailable)
rElec   .          Harm     .    (cloak currently unavailable)
rCorr   .          Rampage  .    (gloves unavailable)
Will    .....      NoTele   +    (boots unavailable)
Stlth   +                        (no amulet)
HPRegen 0.37/turn                r - +4 ring of protection
MPRegen 0.11/turn                x - ring of protection from cold

@: tree-form (expiring)
A: stationary, stasis, torment immunity, boosted hp, large, unfitting armour,
(tough skin 1)
a: Renounce Religion, Heroism


You were on level 5 of the Dungeon.
You worshipped Okawaru.
Okawaru was aware of your devotion.
You were a tree.
You visited 1 branch of the dungeon, and saw 5 of its levels.

You collected 201 gold pieces.
You spent 66 gold pieces at shops.

Inventory:

Hand Weapons
 a - a +0 flail
 k - a +2 whip of venom (weapon)
Missiles
 d - 3 throwing nets (quivered)
 e - a large rock
Armour
 c - a +0 hat (melded)
 l - the +4 robe of Augmentation (melded) {Str+4 Int+4 Dex+4}
   (You found it on level 2 of the Dungeon)

   Str:       It affects your strength (+4).
   Int:       It affects your intelligence (+4).
   Dex:       It affects your dexterity (+4).
 s - a +0 cloak (melded)
Jewellery
 b - a ring of protection from fire
 r - a +4 ring of protection (left branch)
 x - a ring of protection from cold (right branch)
Wands
 m - a wand of iceblast (4)
 q - a wand of digging (3)
 t - a wand of polymorph (6)
Scrolls
 f - a scroll of torment {unknown}
 g - 2 scrolls of teleportation {unknown}
 j - a scroll of fear {unknown}
 n - 2 scrolls of enchant armour {unknown}
 p - a scroll of acquirement {unknown}
Potions
 i - a potion of haste
 o - 2 potions of cancellation
 u - a potion of mutation {!q}
 v - a potion of heal wounds {unknown}
 w - a potion of lignification {!q}


   Skills:
 + Level 4.9 Fighting
 * Level 4.8 Maces & Flails
 + Level 3.5 Throwing
 + Level 2.2 Armour
 + Level 3.8 Dodging
 + Level 1.4 Invocations
 + Level 1.0 Evocations


You had 6 spell levels left.
You didn't know any spells.
Your spell library contained the following spells:

 Spells                   Type           Power      Damage    Failure   Level
 Blink                    Tloc           0%         N/A       52%         2
 Ensorcelled Hibernation  Hex/Ice        0%         N/A       52%         2
 Lesser Beckoning         Tloc           0%         N/A       52%         2
 Momentum Strike          Conj/Tloc      0%         3d8       52%         2
 Gell's Gravitas          Tloc           0%         N/A       77%         3
 Spider Form              Tmut/Pois      0%         N/A       77%         3
 Teleport Other           Tloc           0%         N/A       77%         3
 Anguish                  Hex/Necr       0%         N/A       99%         4
 Petrify                  Tmut/Erth      0%         N/A       99%         4
 Freezing Cloud           Conj/Ice/Air   0%         6-21      100%        5
 Dispersal                Tloc           0%         N/A       100%        6
 Polar Vortex             Ice            0%         N/A       100%        9
 Summon Small Mammal      Summ           Unusable   N/A       N/A         1
 Summon Guardian Golem    Hex/Summ       Unusable   N/A       N/A         3
 Animate Armour           Summ/Erth      Unusable   N/A       N/A         4
 Simulacrum               Ice/Necr       Unusable   N/A       N/A         6
 Summon Hydra             Summ           Unusable   N/A       N/A         7

Dungeon Overview and Level Annotations

Branches:
Dungeon (4/15)
 Temple: D:4-7

Altars:
Nemelex Xobeh
Okawaru
Uskayaw

Shops:
D:3 ?


Innate Abilities, Weirdness & Mutations

You are a tree.
Your roots penetrate the ground, keeping you stationary.
You cannot be teleported.
You are immune to unholy pain and torment.
Your maximum health is greatly increased.
Your equipment is partially melded.
You are too large for most types of armour.
((You have tough skin. (AC +1)))


Message History

You closely miss the shadow imp.
The shadow imp is heavily wounded.
* * * LOW HITPOINT WARNING * * *
You feel sick.
The shadow imp hits you but does no damage.
You closely miss the shadow imp.
The shadow imp is heavily wounded.
* * * LOW HITPOINT WARNING * * *
You feel sick.
You are no longer poisoned.
The shadow imp hits you but does no damage.
You closely miss the shadow imp.
The shadow imp is heavily wounded.
The shadow imp barely misses you.
You closely miss the shadow imp.
The shadow imp is heavily wounded.
You closely miss the shadow imp.
The shadow imp is heavily wounded.
The shadow imp hits you but does no damage.
You hit the shadow imp. Your punch misses the shadow imp.
The shadow imp is severely wounded.
Your transformation is almost over.
The shadow imp hits you.
* * * LOW HITPOINT WARNING * * *
You hit the shadow imp.
The shadow imp is almost dead.
Your attacks no longer feel as feeble.
The shadow imp hits you but does no damage.
You closely miss the shadow imp.
The shadow imp is almost dead.
The shadow imp hits you but does no damage.
You hit the shadow imp but do no damage.
The shadow imp is poisoned.
The shadow imp is almost dead.
The shadow imp hits you.
* * * LOW HITPOINT WARNING * * *
You barely miss the shadow imp.
The shadow imp is almost dead.
The shadow imp hits you.
You die...

.# .........#g...'.... .#
.........'.†..#.... .#.
###...5###..## .# ...
##....###..#### .
#......#......# ##...
#.....g#......# ....##
####...##)..### #
#...##.####...##...###..#
#.............#)♣..'.....
.............))))5.#....
...#####.##..###.####.##
.#..####.##..##########
.......#.............
##.....+.............
##.#####.....#######.
#......#.....##
#......#......#


You could see a shadow imp (very poisoned).

Vanquished Creatures
  4 scorpions (D:5)
  A howler monkey (D:4)
  2 jellies
  A gnoll bouda (D:5)
  3 hounds
  An iguana (D:5)
  9 gnolls
  An adder (D:3)
  A shadow imp (D:3)
  A worm (D:4)
  2 dart slugs
  3 orcs
  2 ball pythons
  6 endoplasms
  7 goblins
  2 hobgoblins
  8 jackals
  A quokka (D:3)
  3 frilled lizards
  4 kobolds
  5 rats
67 creatures vanquished.

Notes
Turn   | Place    | Note
-------+----------+-------------------------------------------
     0 | D:1      | mopl the Ogre Gladiator began the quest for the Orb.
     0 | D:1      | Reached XP level 1. HP: 22/22 MP: 1/1
    16 | D:1      | Got the Meditations on the United Tektite
   223 | D:1      | Found a faded altar of an unknown god.
   241 | D:1      | Prayed at the altar of an unknown god.
   241 | D:1      | Became a worshipper of Nemelex Xobeh the Trickster
   241 | D:1      | Reached * piety under Nemelex Xobeh
   241 | D:1      | Received a gift from Nemelex Xobeh
   242 | D:1      | Fell from the grace of Nemelex Xobeh
   259 | D:1      | Reached XP level 2. HP: 28/29 MP: 2/2
   330 | D:1      | Reached skill level 3 in Fighting
   649 | D:1      | Reached skill level 3 in Maces & Flails
  1073 | D:2      | Reached XP level 3. HP: 30/37 MP: 3/3
  1073 | D:2      | Found the +4 robe of Augmentation {Str+4 Int+4 Dex+4}
  1441 | D:2      | Reached skill level 3 in Dodging
  1441 | D:2      | Reached XP level 4. HP: 45/45 MP: 4/4
  1814 | D:3      | Reached skill level 1 in Armour
  1852 | D:3      | Found a hide-covered altar of Uskayaw.
  2130 | D:3      | Reached XP level 5. HP: 54/54 MP: 5/5
  2206 | D:3      | Found The Oracle's Delphic Readings.
  2216 | D:3      | Bought a scroll of identify for 22 gold pieces
  2216 | D:3      | Bought a scroll of identify for 22 gold pieces
  2216 | D:3      | Bought a scroll of identify for 22 gold pieces
  2559 | D:4      | Reached skill level 4 in Fighting
  2636 | D:4      | You fall into a shaft and drop 1 floor!
  2636 | D:5      | Entered Level 5 of the Dungeon
  2656 | D:5      | Reached skill level 4 in Maces & Flails
  2656 | D:5      | Reached skill level 3 in Throwing
  2656 | D:5      | Reached XP level 6. HP: 36/62 MP: 6/6
  2670 | D:5      | Found an iron altar of Okawaru.
  2676 | D:5      | Became a worshipper of Warmaster Okawaru
  2819 | D:5      | Reached skill level 2 in Armour
  2819 | D:5      | Reached XP level 7. HP: 71/71 MP: 7/7
  2888 | D:5      | Reached skill level 1 in Invocations
  3042 | D:5      | Reached skill level 1 in Evocations
  3067 | D:5      | HP: 5/106 [poisoned by a gnoll]
  3071 | D:5      | HP: 2/106 [poisoned by a gnoll]
  3071 | D:5      | Reached * piety under Okawaru
  3078 | D:5      | HP: 1/106 [shadow imp (2)]
  3082 | D:5      | Slain by a shadow imp

Illustrated notes

Levels and vault maps discovered:
D:1:      zaba_arrival_water, layout_loops_corners,
          shapermc_ecumenical_altar_pompeii, minmay_liquid_box,
          minmay_pentomino_u2
D:2:      layout_basic
D:3:      layout_loops_cross, mainiacjoe_overflow_brackets,
          grunt_decor_junction, nicolae_nh_oracle_at_delphi
D:4:      layout_loops_cross, uniq_pikel
D:5:      layout_gridville, trog_hazing_becter,
          grunt_temple_overflow_order_and_chaos_2, dreamdust_wishing_well,
          minmay_ruined_shrine

Skill      XL: |  1  2  3  4  5  6  7 |
---------------+----------------------+-----
Fighting       | 3 4 |  4.9
Maces & Flails | 3 4 |  4.8
Dodging        | 3 |  3.8
Armour         | 1 2 |  2.2
Throwing       | 3 |  3.5
Invocations    | 1 |  1.4
Evocations     | 1 |  1.0

Action                     |  1- 3 |  4- 6 |  7- 9 || total
---------------------------+-------+-------+-------++-------
  Melee: Flail             |    50 |       |       ||    50
         Whip              |    18 |    88 |    54 ||   160
         Punch             |       |     1 |       ||     1
 Invoke: Renounce Religion |     1 |       |       ||     1
  Evoke: Wand              |       |     2 |       ||     2
    Use: Scroll            |       |     5 |       ||     5
         Potion            |       |     1 |     5 ||     6
   Stab: Sleeping          |     2 |     1 |       ||     3
 Armour: Robe              |    19 |    39 |    16 ||    74
         Skin              |       |       |    16 ||    16
  Dodge: Dodged            |    38 |    41 |    40 ||   119

Table legend: (Time is in decaauts)
 A = Elapsed time spent in this place.
 B = Non-inter-level travel time spent in this place.
 C = Inter-level travel time spent in this place.
 D = Time resting spent in this place.
 E = Time spent auto-exploring this place.
 F = Levels seen in this place.
 G = Mean time per level.
                   A        B        C        D        E       F      G
               +--------+--------+--------+--------+--------+-----+--------+
         Total |   3080 |   2983 |     97 |    174 |   2250 |   5 |  616.0 |
       Dungeon |   3080 |   2983 |     97 |    174 |   2250 |   5 |  616.0 |
               +--------+--------+--------+--------+--------+-----+--------+

Top non-repeatable levels by time:
     D:1: 934 daAuts
     D:2: 858 daAuts
     D:3: 669 daAuts
     D:5: 437 daAuts
     D:4: 181 daAuts
